[Event "ICCopen2017"]
[Site "Internet Chess Club"]
[Date "2017.03.26"]
[Round "5"]
[White "Morad-Magdy"]
[Black "pagoda"]
[Result "1-0"]
[ICCResult "Black resigns"]
[WhiteElo "2037"]
[BlackElo "1770"]
[Opening "English: three knights system"]
[ECO "A27"]
[NIC "EO.21"]
[Time "19:51:54"]
[TimeControl "180+0"]

1. Nf3 Nc6 2. c4 e5 3. Nc3 f5 4. d3 Nf6 5. g3 Bb4 6. Bg2 O-O 7. Bd2 a5 8.
O-O d6 9. a3 Bxc3 10. Bxc3 a4 11. Ng5 h6 12. Nh3 Qe8 13. e3 Bd7 14. d4 e4
15. Nf4 Ne7 16. d5 Ng6 17. Ne2 Ne5 18. Nf4 b6 19. h3 Kh7 20. Rc1 g5 21. Ne2
Nd3 22. Rc2 Qg6 23. Nc1 Ne5 24. Rd2 Rae8 25. Bxe5 Rxe5 26. Ne2 Re7 27. Nd4
f4 28. exf4 gxf4 29. Ne6 Bxe6 30. dxe6 fxg3 31. fxg3 Qxg3 32. Qe1 Qg5 33.
Rdf2 Rxe6 34. Kh1 Rh8 35. Rxf6 Rxf6 36. Bxe4+ Kg7 37. Rg1 Rhf8 38. Rxg5+
hxg5 39. Bd3 R8f7 40. Qe4 Rh6 41. Kg2 Rhf6 42. Qh7+ Kf8 43. Qh8+ Ke7 44. Qc8
Rf2+ 45. Kg3 R2f3+ 46. Kg4 Rxd3 47. Qxc7+ Kf6 48. Qd8+ Kg6 49. Qg8+ Rg7 50.
Qe6+ Kh7 51. Qe4+ Kg8 52. Qxd3 Re7 53. Qxd6 Kf7 54. Kxg5 Re6 55. Qd5 Ke7 56.
Kf5 Rd6 57. h4 {Black resigns} 1-0

[Event "ICCopen2017"]
[Site "Internet Chess Club"]
[Date "2017.03.26"]
[Round "5"]
[White "uptonjr"]
[Black "FGM21"]
[Result "0-1"]
[ICCResult "White forfeits on time"]
[WhiteElo "1745"]
[BlackElo "1937"]
[Opening "Grünfeld: exchange, classical variation"]
[ECO "D86"]
[NIC "GI.05"]
[Time "19:51:40"]
[TimeControl "180+0"]

1. d4 Nf6 2. c4 g6 3. Nc3 d5 4. cxd5 Nxd5 5. e4 Nxc3 6. bxc3 Bg7 7. Bc4 c5
8. Ne2 Nc6 9. Be3 Qa5 10. O-O O-O 11. f3 Rd8 12. Qb3 e6 13. Rfd1 Qc7 14. Bb5
Na5 15. Qa3 c4 16. Ba4 Bd7 17. Bxd7 Rxd7 18. Rab1 Rad8 19. Rb5 b6 20. Rdb1
e5 21. d5 f5 22. Qc1 f4 23. Bf2 Nb7 24. R5b4 Bf8 25. Rb5 Nc5 26. Bxc5 Bxc5+
27. Kh1 g5 28. Qc2 Rg7 29. a4 g4 30. a5 Kh8 31. axb6 Bxb6 32. fxg4 Rxg4 33.
Ng1 Rdg8 34. Nf3 Qg7 35. Rxb6 axb6 36. Rg1 Qc7 37. Qf2 Ra8 38. h3 Rg3 39.
Qb2 Rag8 40. Qb5 Qg7 41. Qb2 Qh6 {White forfeits on time} 0-1

[Event "ICCopen2017"]
[Site "Internet Chess Club"]
[Date "2017.03.26"]
[Round "5"]
[White "Wilsonpalencia"]
[Black "marabu"]
[Result "1-0"]
[ICCResult "Black resigns"]
[WhiteElo "2516"]
[BlackElo "2124"]
[Opening "Philidor: Improved Hanham variation"]
[ECO "B07"]
[NIC "PU.08"]
[Time "19:52:16"]
[TimeControl "180+0"]

1. e4 d6 2. d4 Nf6 3. Nc3 e5 4. Nf3 Nbd7 5. g4 Nxg4 6. Rg1 Ngf6 7. Bc4 h6 8.
Be3 c6 9. Qd3 b5 10. Bb3 Qc7 11. dxe5 Nxe5 12. Nxe5 dxe5 13. O-O-O Bg4 14.
f3 Bxf3 15. Nxb5 cxb5 16. Qxb5+ Nd7 17. Qd5 Nb6 18. Bxb6 axb6 19. Qxa8+ Ke7
20. Rd3 Be2 21. Rc3 Qd7 22. Bd5 Kf6 23. Rc6+ Ke7 24. Qb8 Bb5 25. Qxe5+ Kd8
26. Qb8+ Ke7 27. Rc7 g5 28. Rxd7+ Kxd7 29. Qb7+ Kd6 30. Qxb6+ Ke5 31. Qxb5
Bd6 32. Rf1 Bc7 33. Rf5+ Kd6 34. Qc6+ Ke7 {Black resigns} 1-0

[Event "ICCopen2017"]
[Site "Internet Chess Club"]
[Date "2017.03.26"]
[Round "5"]
[White "TerryR"]
[Black "jncool68"]
[Result "0-1"]
[ICCResult "White checkmated"]
[WhiteElo "2261"]
[BlackElo "2823"]
[Opening "QGD Slav: 4.Nc3"]
[ECO "D15"]
[NIC "SL.03"]
[Time "19:51:55"]
[TimeControl "180+0"]

1. d4 Nf6 2. Nf3 d5 3. c4 c6 4. Nc3 a6 5. c5 Bf5 6. Nh4 Be6 7. Bf4 Nbd7 8.
Qb3 Qc8 9. h3 g6 10. e3 Bg7 11. Bd3 O-O 12. O-O Nh5 13. Bh2 f5 14. Nf3 Kh8
15. Na4 Nhf6 16. Ne5 Bg8 17. Rad1 Ra7 18. f3 Nxe5 19. Bxe5 Nd7 20. Nb6 Nxb6
21. cxb6 Ra8 22. f4 Bxe5 23. fxe5 Be6 24. Qa3 Qd7 25. Qa5 Rf7 26. Rc1 g5 27.
Rf2 Raf8 28. Rcf1 Kg7 29. a4 Qc8 30. Qc3 Bd7 31. a5 e6 32. Qe1 Qd8 33. b4
Qe7 34. Kh2 Kg8 35. Rf3 Rg7 36. g4 Rgf7 37. gxf5 exf5 38. Rg1 h6 39. h4 Rg7
40. Bc2 Qe8 41. Bd1 Be6 42. Rff1 Qg6 43. Rg2 Kf7 44. Kg1 Ke7 45. b5 axb5 46.
Qb4+ Ke8 47. Qd6 Rd7 48. Qc5 f4 49. exf4 Bh3 50. a6 Bxg2 51. a7 gxf4 52.
a8=Q+ Rd8 53. Qxf8+ Kxf8 54. Qxd8+ Kg7 55. Qe7+ Kg8 56. Qd8+ Kh7 57. Qd7+
Kg8 58. Qc8+ Kh7 59. Kf2 Qg3+ 60. Ke2 Qe3# {White checkmated} 0-1

[Event "ICCopen2017"]
[Site "Internet Chess Club"]
[Date "2017.03.26"]
[Round "5"]
[White "leole51"]
[Black "VrloJakMK"]
[Result "0-1"]
[ICCResult "White forfeits on time"]
[WhiteElo "1679"]
[BlackElo "2008"]
[Opening "French: Winawer, classical variation"]
[ECO "C18"]
[NIC "FR.11"]
[Time "19:52:37"]
[TimeControl "180+0"]

1. e4 e6 2. d4 d5 3. Nc3 Bb4 4. e5 c5 5. a3 Bxc3+ 6. bxc3 Qc7 7. Nf3 Ne7 8.
a4 b6 9. Bb5+ Bd7 10. Bd3 Nbc6 11. O-O h6 12. Ba3 Na5 13. c4 Nxc4 14. Bxc4
dxc4 15. dxc5 bxc5 16. Qd6 Qxd6 17. exd6 Ng6 18. Bxc5 O-O 19. a5 Rfc8 20.
Be3 Rc6 21. Rfd1 e5 22. Rab1 f6 23. Rb7 Nf8 24. Bxa7 Bc8 25. Re7 Bd7 26. Bb6
Rb8 27. h3 Rb7 28. Ra1 Ng6 29. a6 Rbxb6 30. a7 Ra6 31. a8=Q+ Rxa8 32. Rxa8+
Kh7 33. Rxd7 Nf4 34. Rc7 Rxd6 35. Rxc4 Rd1+ 36. Kh2 h5 37. g3 Ne6 38. Rc3 g5
39. Rd3 Rc1 40. Ra7+ Kg6 41. Rd6 Nc5 42. Rc7 Ne4 43. Ra6 Nxf2 44. Rcc6 Ne4
45. Nxe5+ Kf5 46. Nf3 g4 47. Nh4+ Ke5 {White forfeits on time} 0-1

[Event "ICCopen2017"]
[Site "Internet Chess Club"]
[Date "2017.03.26"]
[Round "5"]
[White "larso"]
[Black "Spirals"]
[Result "1-0"]
[ICCResult "Black forfeits on time"]
[WhiteElo "2633"]
[BlackElo "2192"]
[Opening "Queen's pawn: Chigorin variation"]
[ECO "D00"]
[NIC "QP.08"]
[Time "19:53:07"]
[TimeControl "180+0"]

1. d4 d5 2. Nc3 e6 3. Bf4 Nf6 4. e3 Bd6 5. Nf3 Bxf4 6. exf4 O-O 7. Bd3 b6 8.
O-O Bb7 9. Ne5 c5 10. dxc5 bxc5 11. Qf3 Nc6 12. Qh3 g6 13. Rad1 Nxe5 14.
fxe5 Nd7 15. Rfe1 Qe7 16. Qg3 c4 17. Bf1 Rad8 18. a3 Nc5 19. Qe3 Rc8 20. g3
Rfd8 21. Bg2 a6 22. Rd4 Nd7 23. h4 Qc5 24. h5 Qe7 25. hxg6 fxg6 26. Bh3 Rf8
27. Ne2 Rce8 28. Nf4 Nc5 29. b4 cxb3 30. cxb3 Bc8 31. b4 Ne4 32. Bg2 Bb7 33.
Nd3 Qf7 34. Bxe4 dxe4 35. Nc5 Bd5 36. Nxe4 Qf5 37. Nf6+ Kg7 38. Rh4 h5 39.
Rd1 Rd8 40. Qf4 Qxf4 41. Rxf4 Bb7 42. Rd6 Rxd6 43. exd6 Rd8 44. d7 g5 45.
Ne8+ Kg8 46. Rd4 Kf8 47. Nf6 Ke7 48. Nxh5 Rxd7 49. Rxd7+ Kxd7 50. Kf1 Ke7
51. Ke2 Kf7 52. Ke3 Kg6 53. g4 Bd5 54. Ng3 Kf6 55. Ne2 Ke5 56. Nc1 Bc4 57.
a4 Bf1 58. Nb3 {Black forfeits on time} 1-0

[Event "ICCopen2017"]
[Site "Internet Chess Club"]
[Date "2017.03.26"]
[Round "5"]
[White "weakfish"]
[Black "jps7"]
[Result "0-1"]
[ICCResult "White forfeits on time"]
[WhiteElo "1302"]
[BlackElo "1545"]
[Opening "French: Tarrasch, closed variation"]
[ECO "C05"]
[NIC "FR.16"]
[Time "19:51:38"]
[TimeControl "180+0"]

1. e4 e6 2. d4 d5 3. Nd2 Nf6 4. e5 Nfd7 5. f4 c5 6. c3 Nc6 7. Ne2 Qb6 8. Nf3
cxd4 9. Nexd4 Nxd4 10. cxd4 Bb4+ 11. Bd2 Bxd2+ 12. Qxd2 O-O 13. Be2 Re8 14.
O-O Nf8 15. Rac1 Bd7 16. Rc5 Rac8 17. Rfc1 Rxc5 18. dxc5 Qc7 19. b4 a6 20.
Nd4 Ng6 21. Bd3 Rc8 22. g4 b5 23. f5 exf5 24. gxf5 Nxe5 25. Bb1 Nc4 26. Qe2
Re8 27. Qf3 Re3 28. Qxd5 h6 29. f6 Be6 30. Qa8+ Bc8 31. fxg7 Kxg7 32. Qg2+
Kf8 33. Rf1 Qe5 34. Nf3 Qg7 35. Qxg7+ Kxg7 36. Nh4 Bh3 37. Nf5+ Bxf5 38.
Rxf5 Re1+ 39. Kf2 Rxb1 40. c6 Rb2+ 41. Kg3 Nd6 42. Rc5 Rd2 43. c7 Nc8
{White forfeits on time}
0-1

[Event "ICCopen2017"]
[Site "Internet Chess Club"]
[Date "2017.03.26"]
[Round "5"]
[White "uggi"]
[Black "ALexiz"]
[Result "1/2-1/2"]
[ICCResult "Game drawn by mutual agreement"]
[WhiteElo "1928"]
[BlackElo "1671"]
[Opening "Nimzo-Indian: three knights variation"]
[ECO "E21"]
[NIC "NI.28"]
[Time "19:52:09"]
[TimeControl "180+0"]

1. d4 Nf6 2. c4 e6 3. Nc3 Bb4 4. Nf3 c5 5. Bg5 h6 6. Bh4 O-O 7. e3 d5 8.
cxd5 exd5 9. Rc1 Nc6 10. Be2 Qa5 11. O-O Bxc3 12. bxc3 Ne4 13. Qb3 c4 14.
Qb2 b5 15. Nd2 f5 16. f3 Nxd2 17. Qxd2 g5 18. Bg3 Re8 19. Bd1 Bd7 20. Bc2
Re7 21. Rce1 Rae8 22. h4 Be6 23. hxg5 hxg5 24. e4 f4 25. Bf2 Kg7 26. g3 Qc7
27. Kg2 Rh8 28. Rh1 Ree8 29. e5 Qf7 30. a4 a6 31. axb5 axb5 32. Rb1 Rxh1 33.
Rxh1 Rh8 34. Rxh8 Kxh8 35. Qc1 Ne7 36. Qa3 Bd7 37. g4 Qe6 38. Qc5 Kg7 39.
Qc7 Qc6 40. Qd8 Qe6 41. Bf5 Nxf5 42. Qxg5+ Kf7 43. gxf5 Qxf5 44. Qh6 Qg6+
45. Qxg6+ Kxg6 46. Be1 Kf5 47. Bd2 Be8 48. Kf2 Bh5 49. Kg2 Bg6 50. Kf2 Bh5
51. Kg2 Bg6 52. Kh3 Bh5 {Game drawn by mutual agreement} 1/2-1/2

[Event "ICCopen2017"]
[Site "Internet Chess Club"]
[Date "2017.03.26"]
[Round "5"]
[White "Palse"]
[Black "Sebs"]
[Result "0-1"]
[ICCResult "White checkmated"]
[WhiteElo "2287"]
[BlackElo "2967"]
[Opening "French: Steinitz, Boleslavsky variation"]
[ECO "C11"]
[NIC "FR.04"]
[Time "19:52:04"]
[TimeControl "180+0"]

1. e4 e6 2. d4 d5 3. Nc3 Nf6 4. e5 Nfd7 5. f4 c5 6. Nf3 Nc6 7. Be3 h6 8. Qd2
g5 9. fxg5 cxd4 10. Nxd4 Ndxe5 11. Be2 hxg5 12. Bxg5 Bh6 13. Bxh6 Qh4+ 14.
g3 Qxh6 15. Qxh6 Rxh6 16. O-O-O Bd7 17. h4 Ke7 18. g4 Rah8 19. h5 f6 20.
Rhg1 Nxd4 21. Rxd4 Nf7 22. Re1 Kd6 23. Bd1 b6 24. a4 Ne5 25. g5 Kc5 26. Rd2
R6h7 27. gxf6 Nc4 28. Rf2 Rf8 29. b3 Nd6 30. Rf4 Rh6 31. b4+ Kc6 32. Ne2 e5
33. Rff1 Rfxf6 34. Rg1 Nc4 35. Rg5 Kd6 36. Nc3 Rf5 37. Rg7 Bc6 38. b5 Be8
39. Rxa7 Bxh5 40. Bxh5 Rhxh5 41. Rd1 Ne3 42. Rd3 Rh1+ 43. Kb2 Re1 44. Rb7
Nc4+ 45. Kb3 Na5+ 46. Kb4 Nxb7 47. Rxd5+ Ke6 48. Rd2 Rf4+ 49. Kb3 Nc5+ 50.
Ka3 Ra1+ 51. Kb2 Raxa4 52. Nxa4 Rxa4 53. Rh2 Rb4+ 54. Kc3 Rxb5 55. Rh6+ Kd5
56. Rh8 Ne4+ 57. Kd3 Nc5+ 58. Kc3 Ne6 59. Rd8+ Nxd8 60. Kd3 Rc5 61. c4+ Rxc4
62. Ke3 e4 63. Kf4 Ne6+ 64. Ke3 Nd4 65. Kf2 Rc2+ 66. Ke3 Re2+ 67. Kf4 e3 68.
Kg4 Ke4 69. Kg3 Rf2 70. Kg4 e2 71. Kg5 e1=Q 72. Kg6 Qg1+ 73. Kh7 Rh2#
{White checkmated}
0-1

[Event "ICCopen2017"]
[Site "Internet Chess Club"]
[Date "2017.03.26"]
[Round "5"]
[White "Kiketf"]
[Black "lestri"]
[Result "0-1"]
[ICCResult "White forfeits on time"]
[WhiteElo "1993"]
[BlackElo "2571"]
[Opening "Sicilian: Kan, Maróczy bind (Réti variation)"]
[ECO "B41"]
[NIC "SI.41"]
[Time "19:51:44"]
[TimeControl "180+0"]

1. e4 c5 2. Nf3 e6 3. d4 cxd4 4. Nxd4 a6 5. c4 Nf6 6. Bd3 Nc6 7. Nf3 Qc7 8.
O-O Bc5 9. Qe2 Ng4 10. g3 h5 11. Bf4 Nce5 12. Nxe5 Nxe5 13. Nc3 d6 14. Kg2
h4 15. g4 h3+ 16. Kh1 Bd7 17. f3 Rc8 18. b3 Bd4 19. Rac1 Qa5 20. Nd1 b5 21.
cxb5 Rxc1 22. Bxc1 Nxd3 23. Qxd3 Bxb5 24. Qxd4 Bxf1 25. Bd2 Qc5 26. Qxc5
dxc5 27. Kg1 Be2 28. Nc3 Bxf3 29. g5 Kd7 30. Kf2 Bh5 31. Be3 Kc6 32. Na4 Bg6
33. Nxc5 a5 34. Kf3 Rd8 35. Ke2 Bh5+ 36. Kf2 Rd1 37. Na4 Rd3 38. Nb2 Rc3 39.
Bd4 Rc2+ 40. Kg3 Bg6 41. Kxh3 Bxe4 42. Bxg7 Kd5 43. Na4 e5 44. Kg3 Ke6 45.
h4 Kf5 46. h5 Rg2+ 47. Kh3 Rxg5 48. h6 Rh5+ 49. Kg3 Ke6 50. Nc3 Bg6 51. Na4
f5 52. Nc5+ Kd5 53. Nd7 f4+ 54. Kg4 Rh1 55. Nf6+ Ke6 56. Kg5 Bf5 57. Ne8
Rg1+ 58. Kh4 f3 59. Nc7+ Kf7 60. Bxe5 f2 61. Bh2 Rh1 62. Kg3 f1=Q 63. Nd5
Be4 64. Kh4 Qf3 {White forfeits on time} 0-1

[Event "ICCopen2017"]
[Site "Internet Chess Club"]
[Date "2017.03.26"]
[Round "5"]
[White "Trentosk"]
[Black "Mercury"]
[Result "0-1"]
[ICCResult "White checkmated"]
[WhiteElo "2516"]
[BlackElo "2191"]
[Opening "Sicilian defense"]
[ECO "B30"]
[NIC "SI.31"]
[Time "19:51:44"]
[TimeControl "180+0"]

1. e4 c5 2. Nf3 Nc6 3. Nc3 g6 4. h4 h6 5. d4 cxd4 6. Nxd4 Bg7 7. Be3 Nf6 8.
Bc4 Qa5 9. f3 Qb4 10. Bb3 Nxe4 11. O-O Nxc3 12. bxc3 Qxc3 13. Nb5 Qxe3+ 14.
Kh1 O-O 15. Re1 Qc5 16. a4 Bxa1 17. Qxa1 Qh5 18. Kg1 Qxh4 19. Re4 Qf6 20.
Qc1 Kg7 21. Nc7 Rb8 22. Nd5 Qg5 23. Qb2+ e5 24. Rg4 Qd2 25. Qa3 d6 26. Rg3
Be6 27. Nc7 Bxb3 28. Qxb3 Qd4+ 29. Kh1 Qd1+ 30. Kh2 Qd4 31. Nb5 Qh4+ 32. Rh3
Qf4+ 33. Kh1 Rbd8 34. Qd5 Qc1+ 35. Kh2 Qf4+ 36. Kh1 Qf6 37. Qd2 Qf4 38. Qd5
Ne7 39. Qxb7 Nf5 40. Nc7 Qc1+ 41. Kh2 Qf4+ 42. Kh1 Nd4 43. c3 Qc1+ 44. Kh2
Qxc3 45. Nd5 Qd2 46. Qe7 Qg5 47. Qxa7 Nf5 48. Qf2 Ra8 49. Qc2 Ra5 50. Nb6
Rc5 51. Nc4 d5 52. Qe2 dxc4 53. Qf2 Qf4+ 54. Kh1 c3 55. g3 Nxg3+ 56. Rxg3 c2
57. Kg2 c1=Q 58. Qe2 Qc2 59. Qf2 Qxf2+ 60. Kxf2 Rc2+ 61. Ke1 Qxg3+ 62. Kd1
Qg2 63. f4 Qd2# {White checkmated} 0-1

[Event "ICCopen2017"]
[Site "Internet Chess Club"]
[Date "2017.03.26"]
[Round "5"]
[White "tigerr"]
[Black "Butters"]
[Result "1-0"]
[ICCResult "Black resigns"]
[WhiteElo "2108"]
[BlackElo "2476"]
[Opening "Philidor: Improved Hanham variation"]
[ECO "B07"]
[NIC "PU.08"]
[Time "19:52:46"]
[TimeControl "180+0"]

1. e4 d6 2. d4 Nf6 3. Nc3 e5 4. Nf3 Nbd7 5. Bc4 Be7 6. O-O O-O 7. a4 c6 8.
Re1 Qc7 9. h3 b6 10. d5 Bb7 11. dxc6 Bxc6 12. Bg5 h6 13. Bxf6 Nxf6 14. Qe2
Rac8 15. Ba6 Bb7 16. Bxb7 Qxb7 17. Rad1 Rc5 18. Nd2 Rfc8 19. Nb3 Rc4 20. Rd3
d5 21. exd5 e4 22. Rg3 Bb4 23. Qd2 Kf8 24. d6 Rd8 25. Qe2 Qc6 26. Rd1 Rxd6
27. Rxd6 Bxd6 28. Nd2 Rb4 29. Re3 Bf4 30. b3 Bxe3 31. Qxe3 Qc5 32. Qg3 Rd4
33. Nc4 Rd8 34. Kh2 Qd4 35. Nb5 a6 36. Nxd4 {Black resigns} 1-0

[Event "ICCopen2017"]
[Site "Internet Chess Club"]
[Date "2017.03.26"]
[Round "5"]
[White "manitodeplomo"]
[Black "F83"]
[Result "1-0"]
[ICCResult "Black forfeits on time"]
[WhiteElo "2447"]
[BlackElo "1863"]
[Opening "King's Indian: Petrosian system, Stein variation"]
[ECO "E92"]
[NIC "KI.17"]
[Time "19:51:42"]
[TimeControl "180+0"]

1. c4 Nf6 2. Nf3 g6 3. d4 Bg7 4. Nc3 d6 5. e4 O-O 6. Be2 e5 7. d5 a5 8. Bg5
h6 9. Bh4 g5 10. Bg3 Nh5 11. O-O Nxg3 12. hxg3 Na6 13. Ne1 f5 14. exf5 Bxf5
15. Nc2 Nc5 16. Ne3 Bg6 17. Bh5 Qe8 18. Bxg6 Qxg6 19. g4 Rf4 20. g3 Rf7 21.
Qb1 e4 22. Qc2 Raf8 23. Rad1 Nd3 24. Nxe4 Qxe4 25. Qxd3 Qxd3 26. Rxd3 Bxb2
27. Rb3 Be5 28. Rxb7 a4 29. Rfb1 Bd4 30. Nf5 Bg7 31. Rb8 Kh7 32. Rxf8 Rxf8
33. Rb7 Rf7 34. Nxd6 Rf3 35. Rxc7 Kg6 36. Nf5 Be5 37. Rc6+ Kf7 38. Nxh6+ Ke7
39. Re6+ Kd7 40. Rxe5 Ra3 41. Nf5 Rxa2 42. d6 a3 43. Re7+ Kc6 44. Ra7 Ra1+
45. Kg2 a2 46. d7 Rg1+ 47. Kxg1 a1=Q+ 48. Rxa1 Kxd7 49. Re1 Kc6 50. Re5 Kc7
51. f4 {Black forfeits on time} 1-0

[Event "ICCopen2017"]
[Site "Internet Chess Club"]
[Date "2017.03.26"]
[Round "5"]
[White "PITCHUS"]
[Black "Koval"]
[Result "0-1"]
[ICCResult "White forfeits on time"]
[WhiteElo "1746"]
[BlackElo "1955"]
[Opening "Réti opening"]
[ECO "A04"]
[NIC "QP.11"]
[Time "19:52:33"]
[TimeControl "180+0"]

1. Nf3 Nc6 2. g3 e5 3. d3 Bc5 4. Bg2 Nf6 5. O-O O-O 6. c4 h6 7. Nc3 d6 8.
Na4 Bb6 9. b3 Bg4 10. Nxb6 axb6 11. h3 Bh5 12. g4 Bg6 13. a4 e4 14. Nh4 Qe7
15. Nxg6 fxg6 16. Bb2 Rae8 17. e3 exd3 18. Qxd3 Ne4 19. Rad1 Nb4 20. Qxe4
Qxe4 21. Bxe4 Rxe4 22. Bc3 Na6 23. Rd5 Nc5 24. Rb1 Rfe8 25. a5 bxa5 26. Bxa5
b6 27. Bb4 Ra8 28. Bxc5 bxc5 29. Kg2 Rb8 30. Kf3 Rxc4 31. bxc4 Rxb1 32. Ke4
Rc1 33. Kd3 Rd1+ 34. Kc3 Rxd5 35. cxd5 Kf7 36. Kc4 Ke7 37. f4 g5 38. f5 Kf6
39. Kb5 Ke5 40. Kc4 Ke4 {White forfeits on time} 0-1

[Event "ICCopen2017"]
[Site "Internet Chess Club"]
[Date "2017.03.26"]
[Round "5"]
[White "Discoverchess"]
[Black "DementedMonkey"]
[Result "0-1"]
[ICCResult "White checkmated"]
[WhiteElo "2722"]
[BlackElo "2232"]
[Opening "Catalan: closed, 5.Nf3"]
[ECO "E06"]
[NIC "CA.04"]
[Time "19:53:01"]
[TimeControl "180+0"]

1. Nf3 e6 2. c4 d5 3. g3 Nf6 4. Bg2 Be7 5. d4 O-O 6. Qc2 c6 7. O-O Ne4 8. b3
f5 9. Bb2 Bd7 10. Nc3 Be8 11. Ne5 Nd7 12. Rad1 Nxe5 13. dxe5 Qc8 14. Nxe4
fxe4 15. f3 exf3 16. exf3 Bg6 17. Qc1 Qd8 18. f4 Qa5 19. a3 Qb6+ 20. Kh1
Qxb3 21. g4 Be4 22. Bxe4 dxe4 23. f5 e3 24. Rde1 Bg5 25. Rf3 Rad8 26. f6 Rd2
27. Ba1 Qa2 28. Rh3 Bf4 29. fxg7 Rxh2+ 30. Kg1 Qg2# {White checkmated} 0-1

[Event "ICCopen2017"]
[Site "Internet Chess Club"]
[Date "2017.03.26"]
[Round "5"]
[White "arshavin2015"]
[Black "MAU"]
[Result "1-0"]
[ICCResult "Black checkmated"]
[WhiteElo "1972"]
[BlackElo "1704"]
[Opening "French: King's Indian attack"]
[ECO "C00"]
[NIC "FR.02"]
[Time "19:52:15"]
[TimeControl "180+0"]

1. e4 e6 2. d3 d5 3. Qe2 Nf6 4. Nf3 dxe4 5. dxe4 Nc6 6. g3 Bc5 7. Bg2 e5 8.
c3 Bg4 9. O-O Qe7 10. Rd1 O-O 11. Nbd2 a6 12. Nb3 Bb6 13. Be3 Bxe3 14. Qxe3
b6 15. Rd2 Rad8 16. Rad1 Rxd2 17. Rxd2 Rd8 18. h3 Rxd2 19. Nbxd2 Bh5 20. Qd3
b5 21. a4 Bxf3 22. Nxf3 Qd6 23. Qxd6 cxd6 24. axb5 axb5 25. Nd2 Nd7 26. Bf1
b4 27. Bb5 Ndb8 28. Nc4 bxc3 29. bxc3 Na7 30. Ba4 Nc8 31. f4 exf4 32. gxf4
Kf8 33. Kf2 Ke7 34. Ke3 g6 35. Kd4 Ke6 36. Bb3 Nc6+ 37. Ke3 Ke7 38. Kf3 N8a7
39. Ba4 Ke6 40. Ne3 Ne7 41. Bb3+ Kf6 42. Ba4 Nac8 43. h4 Nb6 44. Bb5 h6 45.
Ng4+ Kg7 46. Ne3 Kf6 47. Kg4 h5+ 48. Kf3 d5 49. e5+ Ke6 50. Nc2 f6 51. Nd4+
Kf7 52. e6+ Kg7 53. f5 g5 54. hxg5 fxg5 55. Be8 Kf6 56. Bxh5 Nxf5 57. Nxf5
Kxf5 58. e7 Nc8 59. e8=Q Nd6 60. Qd7+ Ke5 61. Bg4 Ne4 62. Qe6#
{Black checkmated}
1-0

[Event "ICCopen2017"]
[Site "Internet Chess Club"]
[Date "2017.03.26"]
[Round "5"]
[White "Soulbrother"]
[Black "rickky20"]
[Result "0-1"]
[ICCResult "White forfeits on time"]
[WhiteElo "1381"]
[BlackElo "1659"]
[Opening "Caro-Kann: closed (Breyer) variation"]
[ECO "B10"]
[NIC "CK.01"]
[Time "19:52:25"]
[TimeControl "180+0"]

1. e4 c6 2. d3 d5 3. e5 Bf5 4. Nf3 e6 5. Be2 Nd7 6. O-O Ne7 7. d4 c5 8. Nc3
Nc6 9. Bg5 Be7 10. Bxe7 Qxe7 11. Nb5 O-O 12. Nd6 Bg6 13. c3 Rab8 14. Bd3
cxd4 15. cxd4 Nb6 16. Bxg6 hxg6 17. Qd2 Nc4 18. Qf4 Nxd6 19. exd6 Qf6 20.
Qg4 Qf5 21. Qg3 Rfd8 22. Ng5 f6 23. Nf3 g5 24. h3 Kf7 25. Rac1 Qf4 26. Qxf4
gxf4 27. g3 g5 28. gxf4 gxf4 29. Kh2 Rxd6 30. Rg1 Rg8 31. b4 Rxg1 32. Nxg1
Rd7 33. Nf3 Nxb4 34. Rc8 Nxa2 35. Rh8 Nc3 36. Nh4 Kg7 37. Re8 Ne4 38. Rxe6
Nxf2 39. Nf5+ Kf7 40. Re7+ Rxe7 41. Nxe7 Kxe7 42. Kg2 Ne4
{White forfeits on time}
0-1

[Event "ICCopen2017"]
[Site "Internet Chess Club"]
[Date "2017.03.26"]
[Round "5"]
[White "ChessOptimist"]
[Black "marjose"]
[Result "1-0"]
[ICCResult "Black checkmated"]
[WhiteElo "2050"]
[BlackElo "1743"]
[Opening "Bird's opening"]
[ECO "A02"]
[NIC "VO.07"]
[Time "19:51:51"]
[TimeControl "180+0"]

1. f4 e6 2. Nf3 f5 3. b3 Nf6 4. Bb2 Be7 5. e3 b6 6. c4 Bb7 7. Nc3 c5 8. d3
d6 9. Qe2 Nc6 10. g3 Qd7 11. Bg2 O-O-O 12. O-O Rhe8 13. Rfd1 e5 14. Qd2 Qe6
15. Re1 e4 16. Ng5 Qg8 17. dxe4 h6 18. Nh3 fxe4 19. Nxe4 Nb4 20. Nxf6 Bxf6
21. Bxb7+ Kxb7 22. Bxf6 gxf6 23. a3 Nc6 24. Nf2 d5 25. cxd5 Rxd5 26. Qb2 Qe6
27. b4 c4 28. Rac1 b5 29. a4 a6 30. axb5 axb5 31. Ra1 Ra8 32. Rxa8 Kxa8 33.
Qa3+ Kb7 34. Qc3 Qd6 35. Ne4 Qxb4 36. Qxb4 Nxb4 37. Rb1 Nc2 38. Nxf6 Rf5 39.
Ne8 Kc6 40. Ng7 Rd5 41. e4 Rd2 42. Nf5 b4 43. Rc1 b3 44. e5 c3 45. e6 b2 46.
Rb1 Na3 47. e7 Kd7 48. Re1 Ke8 49. Ng7+ Kf7 50. e8=Q+ Kxg7 51. Re7+ Kf6 52.
Qf7# {Black checkmated} 1-0

[Event "ICCopen2017"]
[Site "Internet Chess Club"]
[Date "2017.03.26"]
[Round "5"]
[White "MrNobody84"]
[Black "BUHO64"]
[Result "0-1"]
[ICCResult "White forfeits on time"]
[WhiteElo "1676"]
[BlackElo "2015"]
[Opening "Sicilian"]
[ECO "B50"]
[NIC "SI.01"]
[Time "19:53:32"]
[TimeControl "180+0"]

1. e4 c5 2. Nf3 d6 3. d3 Nf6 4. Nbd2 Nc6 5. Be2 e5 6. c3 Be7 7. a4 O-O 8.
Nc4 a6 9. h3 Rb8 10. a5 Be6 11. Nfd2 d5 12. exd5 Nxd5 13. O-O Nf4 14. Ne4
Nxe2+ 15. Qxe2 f5 16. Ned2 Bf6 17. f4 Re8 18. fxe5 Bxc4 19. Nxc4 Nxe5 20.
Nxe5 Bxe5 21. Qf3 g6 22. Bf4 Bxf4 23. Qxf4 Qxd3 24. Rad1 Qe3+ 25. Qxe3 Rxe3
26. Rd7 Re2 27. Rf2 Rxf2 28. Kxf2 b6 29. axb6 Rxb6 30. Rd2 c4 31. Ke3 a5 32.
Rd4 Rxb2 33. Rxc4 Rxg2 34. Rc8+ Kg7 35. Kf4 Kh6 36. c4 a4 37. c5 a3 38. c6
a2 39. Ra8 Rc2 40. c7 Rc4+ 41. Ke5 Rxc7 42. Rxa2 Rc3 43. Rd2 Rxh3
{White forfeits on time}
0-1

[Event "ICCopen2017"]
[Site "Internet Chess Club"]
[Date "2017.03.26"]
[Round "5"]
[White "justlucky"]
[Black "BillietheKid"]
[Result "0-1"]
[ICCResult "White forfeits on time"]
[WhiteElo "1187"]
[BlackElo "1426"]
[Opening "French: Steinitz variation"]
[ECO "C11"]
[NIC "FR.04"]
[Time "19:52:29"]
[TimeControl "180+0"]

1. e4 e6 2. d4 d5 3. Nc3 Nf6 4. e5 Nfd7 5. Bb5 c6 6. Bd3 c5 7. Nf3 Nc6 8.
Be3 cxd4 9. Bxd4 Nxd4 10. Nxd4 Nxe5 11. Be2 Bd6 12. Qd2 O-O 13. O-O-O a6 14.
h4 Bb4 15. g4 Bd7 16. g5 Qc7 17. h5 b5 18. g6 fxg6 19. h6 Rxf2 20. hxg7 Nc4
21. Qh6 Qf4+ 22. Qxf4 Rxf4 23. Nf3 Bxc3 24. bxc3 Kxg7 25. Ne5 Nxe5 26. Rdg1
Nc4 27. Bd3 e5 28. Kd1 e4 29. Be2 Bf5 {White forfeits on time} 0-1

[Event "ICCopen2017"]
[Site "Internet Chess Club"]
[Date "2017.03.26"]
[Round "5"]
[White "JohannesHaugish"]
[Black "nino-dg"]
[Result "1-0"]
[ICCResult "Black forfeits on time"]
[WhiteElo "1890"]
[BlackElo "2375"]
[Opening "Grünfeld: modern exchange variation"]
[ECO "D90"]
[NIC "GI.07"]
[Time "19:52:07"]
[TimeControl "180+0"]

1. d4 Nf6 2. Nf3 g6 3. c4 Bg7 4. Nc3 d5 5. cxd5 Nxd5 6. e4 Nxc3 7. bxc3 c5
8. Be3 O-O 9. Qd2 Nd7 10. Be2 e5 11. dxc5 Qa5 12. c4 Qa3 13. Qd3 Qb4+ 14.
Qd2 Qa3 15. Qd3 Qxd3 16. Bxd3 Rd8 17. Ke2 b6 18. cxb6 axb6 19. Rhd1 Ra3 20.
Bc2 Re8 21. Nd2 Bf8 22. Nb1 Ra7 23. Nc3 Ba6 24. Bb3 Nc5 25. Nd5 Kg7 26. f3
Rb7 27. h4 b5 28. cxb5 Bxb5+ 29. Kf2 Nd3+ 30. Kg3 f5 31. Bg5 f4+ 32. Kh2 h6
33. Bf6+ Kh7 34. Rab1 Ba6 35. Ba4 Reb8 36. Rxb7+ Rxb7 37. Bc2 Nb2 38. Rb1
Rd7 39. Rxb2 Bc4 40. Bxe5 Bxd5 41. exd5 Rxd5 42. Bxf4 Bg7 43. Rb7 Rc5 44.
Be4 Kg8 45. Bxg6 Rc6 46. Be4 Rc8 47. Rb8 Rxb8 48. Bxb8 Kf7 49. a4 Ke6 50. a5
Kd7 51. a6 Bd4 52. a7 Bxa7 53. Bxa7 Ke6 54. Kg3 h5 55. Kf4 Kf6 56. Bd4+ Kf7
57. Kg5 Kg8 58. Kxh5 Kf7 59. Kh6 Ke7 60. Kg6 {Black forfeits on time} 1-0